 Dungeon Crawl Stone Soup version 0.26-a0-224-g2964c8cf50 (webtiles) character file.

Game seed: 14503264153596576155

119 applic the Conjurer (level 4, -3/26 HPs)
             Began as a Deep Elf Conjurer on July 6, 2020.
             Slain by Grinder (5 damage)
             ... on level 3 of the Dungeon.
             The game lasted 00:05:48 (2760 turns).

applic the Conjurer (Deep Elf Conjurer)             Turns: 2760, Time: 00:05:48

Health: -3/26      AC:  2    Str:  4    XL:     4   Next: 74%
Magic:  5/12       EV: 13    Int: 24    God:
Gold:   99         SH:  0    Dex: 13    Spells: 9/12 levels left

rFire    . . .     SeeInvis .   h - +0 dagger
rCold    . . .     Faith    .   (no shield)
rNeg     . . .     Spirit   .   a - +0 robe
rPois    .         Reflect  .   (no helmet)
rElec    .         Harm     .   (no cloak)
rCorr    .                      (no gloves)
MR       .....                  (no boots)
Stlth    ++........             (no amulet)
HPRegen  0.08/turn              (no ring)
MPRegen  0.13/turn              (no ring)

@: no status effects
A: no striking features
a: no special abilities


You were on level 3 of the Dungeon.
You were not hungry.

You visited 1 branch of the dungeon, and saw 3 of its levels.

You collected 99 gold pieces.

Inventory:

Hand Weapons
 h - a +0 dagger (weapon)
Armour
 a - a +0 robe (worn)
Jewellery
 l - a cursed -4 ring of evasion {unknown}
Scrolls
 b - a scroll of amnesia {unknown}
 d - a scroll of identify {unknown}
 j - a scroll of remove curse {unknown}
Potions
 e - a potion of heal wounds {unknown}
 f - a potion of lignification {unknown}
 g - a potion of brilliance {unknown}
 i - a potion of flight {unknown}
 k - a potion of ambrosia {unknown}
Comestibles
 c - a ration


   Skills:
 + Level 1.9 Fighting
 - Level 2.4 Dodging
 - Level 2.4 Stealth
 + Level 4.6 Spellcasting
 + Level 5.3 Conjurations


You had 9 spell levels left.
You knew the following spells:

 Your Spells              Type           Power        Failure   Level
a - Magic Dart            Conj           ####         1%          1
b - Searing Ray           Conj           ####..       1%          2

Your spell library contained the following spells:

 Spells                   Type           Power        Failure   Level
 Dazzling Flash           Conj/Hex       ###...       10%         3
 Fulminant Prism          Conj/Hex       ###.......   30%         4
 Iskenderun's Mystic Bla  Conj/Tloc      ###.....     30%         4


Dungeon Overview and Level Annotations

Branches:
Dungeon (3/15)

Altars:
Elyvilon

Annotations:
D:3 Grinder


Message History

The searing ray hits Grinder!
Grinder is severely wounded.
Grinder gestures at you. Pain shoots through your body!
The searing ray hits Grinder!
Grinder is almost dead.
You finish channeling your searing ray.
Grinder gestures at you. Pain shoots through your body!
* * * LOW HITPOINT WARNING * * *
Casting: Searing Ray (safe; 1% risk of failure)
Confirm with . or Enter, or press ? or * to list all spells.
Aiming: Searing Ray (safe; 1% risk of failure)
Press: ? - help, Shift-Dir - straight line, f/p - Grinder
Aim: Grinder (almost dead)
The searing ray hits Grinder.
Grinder is almost dead. (Press . to maintain the ray.) Grinder hits you.
You die...

#.. #.. .# .## #...
#.##..## ...######
#...<... #.....##
#..#†.##. . #......#
#........
....#......###..##.##.#
......5@.....).....##.#
....#...........##.##.#
###
######.........##)##
..........##.##...
###.########.##... #.
#.##... #. ######.)...)
#. ............
####.##[#...


You could see Grinder.

Vanquished Creatures
  Jessica (D:2)
  3 adders (D:2)
  3 dart slugs
  3 leopard geckos (D:2)
  An orc (D:3)
  3 giant cockroaches
  4 goblins
  A hobgoblin (D:3)
  11 jackals
  7 bats
  4 frilled lizards
  8 kobolds
  7 rats
56 creatures vanquished.

Notes
Turn   | Place    | Note
-------+----------+-------------------------------------------
     0 | D:1      | applic the Deep Elf Conjurer began the quest for the Orb.
     0 | D:1      | Reached XP level 1. HP: 10/10 MP: 6/6
   493 | D:1      | Reached XP level 2. HP: 16/16 MP: 1/8
   812 | D:1      | Reached skill level 1 in Fighting
  1441 | D:2      | Reached XP level 3. HP: 20/20 MP: 5/10
  1535 | D:2      | Noticed Jessica
  1539 | D:2      | Killed Jessica
  1597 | D:2      | Reached skill level 5 in Conjurations
  1679 | D:2      | Found a white marble altar of Elyvilon.
  1743 | D:2      | Reached XP level 4. HP: 25/25 MP: 7/12
  1747 | D:2      | Learned a level 2 spell: Searing Ray
  2753 | D:3      | Noticed Grinder
  2753 | D:3      | Paralysed by Grinder for 2 turns
  2760 | D:3      | Slain by Grinder

Illustrated notes

Levels and vault maps discovered:
D:1:      roderic_dead_forest, layout_loops_corners
D:2:      layout_loops_ring, nicolae_overflow_hidden_temple, uniq_jessica
D:3:      layout_basic, minivault_23, uniq_grinder, uniq_crazy_yiuf_cottage

Skill      XL: |  1  2  3 |
---------------+----------+-----
Fighting       | 1 |  1.9
Spellcasting   | 4 |  4.6
Conjurations   | 5 |  5.3
Dodging        | |  2.4
Stealth        | |  2.4

Action                   |  1- 3 |  4- 6 || total
-------------------------+-------+-------++-------
 Cast: Magic Dart        |    67 |    35 ||   102
       Searing Ray       |       |     4 ||     4
  Eat: Ration            |     1 |     1 ||     2
Dodge: Dodged            |     2 |     1 ||     3

Table legend:
 A = Non-vault XP
 B = Vault XP
 C = Vault XP percentage of total XP
 D = Non-vault monster count
 E = Vault monster count
 F = Vault count percentage of total count
                 A         B        C        D         E       F
            +---------+---------+-------+---------+---------+-------
      Total |     134 |      37 |  21.6 |      55 |       1 |   1.8
            +---------+---------+-------+---------+---------+-------
        D:1 |      36 |       0 |   0.0 |      23 |       0 |   0.0
        D:2 |      82 |      37 |  31.1 |      23 |       1 |   4.2
        D:3 |      16 |       0 |   0.0 |       9 |       0 |   0.0
            +---------+---------+-------+---------+---------+-------
